Blues vs Canucks

Created - October-27-12 at 17:51

Goals
1 2 3 T
Blues 2 0 0 2
Canucks 0 0 1 1
Shots
1 2 3 T
Blues 11 4 3 18
Canucks 4 7 13 24

1st period

1. Blues , Brenden Morrow 1 (Rick Nash, Barret Jackman) at 4:19
2. Blues , Brent Burns 3 (Sami Salo) at 15:31

Penalties :
Corey Perry (VAN) for Interference (Minor) at 5:29

2nd period

No Goal

Penalties :
Henrik Zetterberg (VAN) for Roughing (Minor) at 14:56, Mark Streit (STL) for High sticking (Minor) at 19:21

3rd period

3. Canucks , Erik Karlsson 2 (Matt Carle, Brandon Sutter) at 18:38

Penalties :
Mark Fayne (STL) for Interference (Minor) at 5:02, Todd Bertuzzi (STL) for Roughing (Minor) at 7:13, Barret Jackman (STL) for Tripping (Minor) at 15:35

Goalie Stats

Ondrej Pavelec (STL), 23 saves from 24 shots - (0.958), W, 3-3-0, 60:00 minutes
Henrik Lundqvist (VAN), 16 saves from 18 shots - (0.889), L, 7-3-0, 59:44 minutes

Players Stats for Blues

Player Name              G  A  P  +/- PIM S  H  SB GA TA FO     MP     PP MP  PK MP  
------------------------------------------------------------------------------------
Alexander Radulov        0  0  0   1  0   2  0  0  0  0  0/1    17:05   1:28   0:00 
Andrei Markov            0  0  0   0  0   0  1  2  0  0  0/0    16:39   0:00   2:24 
Barret Jackman           0  1  1   0  2   1  3  1  0  0  0/0    23:38   2:30   3:26 
Brad Boyes               0  0  0  -1  0   1  0  0  0  0  5/12   16:15   0:00   1:26 
Brenden Morrow           1  0  1   1  0   3  0  0  0  0  1/1     4:25   0:00   0:00 
Brent Burns              1  0  1   1  0   4  1  0  0  0  0/0    21:08   1:28   3:34 
Christopher Higgins      0  0  0  -1  0   2  1  0  0  0  1/1    15:39   0:00   0:26 
Jerred Smithson          0  0  0   1  0   0  0  0  0  0  2/5     4:25   0:00   0:00 
Jussi Jokinen            0  0  0   1  0   0  0  0  0  0  7/14   17:05   1:28   0:00 
Kent Huskins             0  0  0   0  0   0  0  1  0  0  0/0     3:28   0:00   0:00 
Mark Fayne               0  0  0   0  2   0  3  1  0  0  0/0    14:14   0:00   0:00 
Mark Streit              0  0  0   0  2   0  0  0  0  0  0/0    19:42   2:30   2:54 
Rick Nash                0  1  1   1  0   1  0  0  0  0  3/8    24:26   2:30   4:40 
Ryan Getzlaf             0  0  0   0  0   1  1  0  0  0  9/20   20:28   2:30   4:43 
Sami Salo                0  1  1   1  0   1  0  3  0  0  0/0    21:08   1:28   3:34 
Steve Ott                0  0  0   0  0   0  1  1  0  0  0/1    18:30   2:30   2:45 
Todd Bertuzzi            0  0  0   1  2   1  1  0  0  0  0/0    18:56   1:28   1:52 
Yannick Weber            0  0  0  -1  0   1  1  0  0  0  0/1    14:49   0:00   0:00 

Players Stats for Canucks

Player Name              G  A  P  +/- PIM S  H  SB GA TA FO     MP     PP MP  PK MP  
------------------------------------------------------------------------------------
Alex Pietrangelo         0  0  0   0  0   2  0  2  0  0  0/0    24:23   4:29   2:20 
Brandon Sutter           0  1  1   1  0   0  0  0  0  0  3/8     4:55   0:00   1:06 
Brooks Laich             0  0  0  -2  0   2  0  1  0  0  7/15   17:02   0:00   2:52 
Corey Perry              0  0  0   0  2   2  4  0  0  0  0/1    20:59   3:32   0:08 
Dmitry Kulikov           0  0  0   0  0   0  0  0  0  0  0/0    18:51   3:27   1:28 
Erik Karlsson            1  0  1   1  0   4  0  0  0  0  0/0    21:48   4:29   2:30 
Henrik Zetterberg        0  0  0   0  2   2  3  0  0  0  12/17  17:29   4:24   0:00 
Kris Russell             0  0  0   0  0   0  0  1  0  0  0/0     3:29   0:00   0:00 
Loui Eriksson            0  0  0   0  0   2  1  0  0  0  0/0    21:44   4:24   0:00 
Marco Scandella          0  0  0  -2  0   0  1  1  0  0  0/0    17:30   0:00   1:38 
Matt Carle               0  1  1   1  0   1  0  0  0  0  0/0    18:07   3:27   0:00 
Maxime Talbot            0  0  0  -2  0   2  3  0  0  0  1/1    16:44   0:00   2:44 
Mikko Koivu              0  0  0   0  0   2  0  0  0  0  11/16  20:43   3:32   0:00 
Nick Foligno             0  0  0   1  0   0  2  0  0  0  0/0     3:49   0:00   0:00 
Phil Kessel              0  0  0   1  0   3  1  0  0  0  2/3    21:00   4:24   0:00 
Radek Martinek           0  0  0  -2  0   0  3  0  0  0  0/0    15:52   0:00   0:00 
Ryan OReilly             0  0  0  -2  0   2  0  0  0  0  0/2    15:16   0:00   1:06 
Valtteri Filppula        0  0  0   0  0   0  0  0  0  0  0/1    16:19   3:32   0:00 

3 Stars

1 - Ondrej Pavelec (STL)
2 - Brent Burns (STL)
3 - Brenden Morrow (STL)

Power Play

Blues - 0 on 2 Attempt(s) - 0.00%
Canucks - 0 on 4 Attempt(s) - 0.00%

Penalty Kill

Blues - 4 on 4 Attempt(s) - 100.00% - Score 0 goal in Penalty Kill
Canucks - 2 on 2 Attempt(s) - 100.00% - Score 0 goal in Penalty Kill

Official

Referees : Marc Joannette and Brad Watson
Linesman : David Brisebois and Tim Nowak

Game Notes

No Game Note

Finance

Level 1 -- Attendance: 6500 (100.00%) -- Ticket Income $520,000
Level 2 -- Attendance: 5000 (100.00%) -- Ticket Income $325,000
Level 3 -- Attendance: 3198 (91.37%) -- Ticket Income $159,900
Level 4 -- Attendance: 2860 (100.00%) -- Ticket Income $71,500
Luxury Box -- Attendance: 1000 (100.00%) -- Ticket Income $250,000
Game was played at the Rogers Arena
Total Attendance: 18558 (98.40%)
Total Ticket Income: $1,326,400
Other Income: $198,960
Total Income: $1,525,360


% Time on Ice - Blues

Lines # - Real PCT - Wanted PCT - Time Play
Normal Forward
1 - 27% - 40% - 12:40
2 - 33% - 30% - 15:37
3 - 31% - 20% - 14:49
4 - 9% - 10% - 4:25
Normal Defense
1 - 29% - 40% - 13:44
2 - 34% - 30% - 16:06
3 - 30% - 20% - 14:15
4 - 7% - 10% - 3:26
PP Forward
1 - 63% - 60% - 2:30
2 - 37% - 40% - 1:28
PP Defense
1 - 63% - 60% - 2:30
2 - 37% - 40% - 1:28
PK Forward
1 - 65% - 60% - 5:11
2 - 35% - 40% - 2:45
PK Defense
1 - 55% - 60% - 4:22
2 - 45% - 40% - 3:34
PK3 Forward
1 - 0% - 60%
2 - 0% - 40%
PK3 Defense
1 - 0% - 60%
2 - 0% - 40%
44 Forward
1 - 0% - 60%
2 - 0% - 40%
44 Defense
1 - 0% - 60%
2 - 0% - 40%
Last Minute Offensive  - 0:00
Last Minute Defensive  - 0:35
Total
Forward - 60:00
Defense - 60:00

% Time on Ice - Canucks

Lines # - Real PCT - Wanted PCT - Time Play
Normal Forward
1 - 36% - 37% - 17:11
2 - 27% - 31% - 12:47
3 - 29% - 24% - 14:00
4 - 8% - 8% - 3:49
Normal Defense
1 - 30% - 33% - 14:30
2 - 29% - 31% - 13:56
3 - 33% - 28% - 15:52
4 - 7% - 8% - 3:29
PP Forward
1 - 55% - 54% - 4:24
2 - 45% - 46% - 3:32
PP Defense
1 - 57% - 55% - 4:29
2 - 43% - 45% - 3:27
PK Forward
1 - 72% - 60% - 2:52
2 - 28% - 40% - 1:06
PK Defense
1 - 63% - 60% - 2:30
2 - 37% - 40% - 1:28
PK3 Forward
1 - 0% - 54%
2 - 0% - 46%
PK3 Defense
1 - 0% - 55%
2 - 0% - 45%
44 Forward
1 - 0% - 56%
2 - 0% - 44%
44 Defense
1 - 0% - 60%
2 - 0% - 40%
Last Minute Offensive  - 0:19
Last Minute Defensive  - 0:00
Total
Forward - 60:00
Defense - 60:00

Play by Play

1st period


0:01 of 1st period - Ryan Getzlaf wins face-off versus Mikko Koivu in neutral zone.
1:51 of 1st period - Alexander Radulov is hit by Maxime Talbot and loses puck.
2:17 of 1st period - Icing by Radek Martinek.
2:18 of 1st period - Brad Boyes wins face-off versus Brooks Laich in Canucks zone.
2:32 of 1st period - Christopher Higgins is hit by Radek Martinek and loses puck.
3:17 of 1st period - Brad Boyes is hit by Corey Perry and loses puck.
3:31 of 1st period - Icing by Mark Fayne.
3:32 of 1st period - Christopher Higgins wins face-off versus Brandon Sutter in Blues zone.
3:55 of 1st period - Shot by Ryan Getzlaf.
3:55 of 1st period - Stopped by Henrik Lundqvist without a rebound.
3:56 of 1st period - Jerred Smithson wins face-off versus Brooks Laich in Canucks zone.
4:07 of 1st period - Shot by Rick Nash.
4:07 of 1st period - Shot Misses the Net.
4:19 of 1st period - Shot by Brenden Morrow.
4:19 of 1st period - Goal by Brenden Morrow - Blues : 1 - Canucks : 0.
4:20 of 1st period - Henrik Zetterberg wins face-off versus Jussi Jokinen in neutral zone.
5:29 of 1st period - Minor Penalty to Corey Perry for Interference.
5:30 of 1st period - Ryan Getzlaf wins face-off versus Brooks Laich in Canucks zone.
5:39 of 1st period - Shot by Rick Nash.
5:39 of 1st period - Stopped by Henrik Lundqvist without a rebound.
5:40 of 1st period - Brooks Laich wins face-off versus Ryan Getzlaf in Canucks zone.
5:55 of 1st period - Shot by Mark Streit.
5:55 of 1st period - Shot Misses the Net.
6:26 of 1st period - Shot by Brent Burns.
6:26 of 1st period - Deflect By Todd Bertuzzi.
6:26 of 1st period - Shot Misses the Net.
6:28 of 1st period - Shot by Alexander Radulov.
6:28 of 1st period - Shot Misses the Net.
6:30 of 1st period - Shot by Sami Salo.
6:30 of 1st period - Shot Blocked by Brooks Laich.
6:32 of 1st period - Shot by Sami Salo.
6:32 of 1st period - Shot Misses the Net.
6:34 of 1st period - Shot by Sami Salo.
6:34 of 1st period - Shot Blocked by Alex Pietrangelo.
6:36 of 1st period - Shot by Alexander Radulov.
6:36 of 1st period - Stopped by Henrik Lundqvist with a rebound.
6:38 of 1st period - Shot by Jussi Jokinen.
6:38 of 1st period - Shot Misses the Net.
6:40 of 1st period - Shot by Jussi Jokinen.
6:40 of 1st period - Shot Misses the Net.
6:42 of 1st period - Shot by Brent Burns.
6:42 of 1st period - Stopped by Henrik Lundqvist without a rebound.
6:43 of 1st period - Jussi Jokinen wins face-off versus Brandon Sutter in Canucks zone.
6:48 of 1st period - Shot by Brent Burns.
6:48 of 1st period - Stopped by Henrik Lundqvist without a rebound.
6:49 of 1st period - Brandon Sutter wins face-off versus Ryan Getzlaf in Canucks zone.
8:06 of 1st period - Shot by Mikko Koivu.
8:06 of 1st period - Shot Misses the Net.
8:22 of 1st period - Shot by Valtteri Filppula.
8:22 of 1st period - Shot Misses the Net.
8:24 of 1st period - Shot by Valtteri Filppula.
8:24 of 1st period - Shot Misses the Net.
8:26 of 1st period - Shot by Henrik Zetterberg.
8:26 of 1st period - Stopped by Ondrej Pavelec without a rebound.
8:27 of 1st period - Henrik Zetterberg wins face-off versus Jussi Jokinen in Blues zone.
8:33 of 1st period - Brent Burns is hit by Henrik Zetterberg and loses puck.
9:27 of 1st period - Off-side.
9:28 of 1st period - Mikko Koivu wins face-off versus Ryan Getzlaf in neutral zone.
10:07 of 1st period - Mikko Koivu is hit by Barret Jackman.
10:11 of 1st period - Shot by Mikko Koivu.
10:11 of 1st period - Stopped by Ondrej Pavelec without a rebound.
10:12 of 1st period - Brooks Laich wins face-off versus Brad Boyes in Blues zone.
10:23 of 1st period - Shot by Brooks Laich.
10:23 of 1st period - Stopped by Ondrej Pavelec with a rebound.
11:17 of 1st period - Icing by Sami Salo.
11:18 of 1st period - Mikko Koivu wins face-off versus Jussi Jokinen in Blues zone.
12:02 of 1st period - Alexander Radulov is hit by Corey Perry and loses puck.
12:48 of 1st period - Icing by Erik Karlsson.
12:49 of 1st period - Ryan Getzlaf wins face-off versus Henrik Zetterberg in Canucks zone.
15:14 of 1st period - Shot by Brenden Morrow.
15:14 of 1st period - Stopped by Henrik Lundqvist without a rebound.
15:15 of 1st period - Maxime Talbot wins face-off versus Jussi Jokinen in Canucks zone.
15:15 of 1st period - Maxime Talbot is hit by Todd Bertuzzi.
15:27 of 1st period - Shot by Brent Burns.
15:27 of 1st period - Shot Misses the Net.
15:29 of 1st period - Shot by Brent Burns.
15:29 of 1st period - Shot Misses the Net.
15:31 of 1st period - Shot by Brent Burns.
15:31 of 1st period - Goal by Brent Burns - Blues : 2 - Canucks : 0.
15:32 of 1st period - Ryan Getzlaf wins face-off versus Brandon Sutter in neutral zone.
16:45 of 1st period - Off-side.
16:46 of 1st period - Brad Boyes wins face-off versus Henrik Zetterberg in neutral zone.
17:17 of 1st period - Shot by Brad Boyes.
17:17 of 1st period - Stopped by Henrik Lundqvist with a rebound.
17:56 of 1st period - Shot by Ryan OReilly.
17:56 of 1st period - Shot Blocked by Sami Salo.
17:58 of 1st period - Shot by Brooks Laich.
17:58 of 1st period - Shot Misses the Net.
18:00 of 1st period - Shot by Maxime Talbot.
18:00 of 1st period - Stopped by Ondrej Pavelec with a rebound.
18:02 of 1st period - Shot by Maxime Talbot.
18:02 of 1st period - Shot Misses the Net.
18:04 of 1st period - Shot by Maxime Talbot.
18:04 of 1st period - Shot Misses the Net.
19:03 of 1st period - Icing by Mark Streit.
19:04 of 1st period - Henrik Zetterberg wins face-off versus Jussi Jokinen in Blues zone.
19:41 of 1st period - Shot by Christopher Higgins.
19:41 of 1st period - Stopped by Henrik Lundqvist without a rebound.
19:42 of 1st period - Ryan Getzlaf wins face-off versus Brooks Laich in Canucks zone.
19:45 of 1st period - Shot by Steve Ott.
19:45 of 1st period - Shot Misses the Net.
19:47 of 1st period - Shot by Sami Salo.
19:47 of 1st period - Shot Misses the Net.
19:49 of 1st period - Shot by Brent Burns.
19:49 of 1st period - Stopped by Henrik Lundqvist without a rebound.
19:50 of 1st period - Mikko Koivu wins face-off versus Brad Boyes in Canucks zone.
19:50 of 1st period - Marco Scandella is hit by Yannick Weber.

2nd period


0:01 of 2nd period - Mikko Koivu wins face-off versus Ryan Getzlaf in neutral zone.
2:17 of 2nd period - Shot by Jussi Jokinen.
2:17 of 2nd period - Deflect By Alexander Radulov.
2:17 of 2nd period - Shot Misses the Net.
3:00 of 2nd period - Icing by Andrei Markov.
3:01 of 2nd period - Brad Boyes wins face-off versus Mikko Koivu in Blues zone.
4:38 of 2nd period - Alexander Radulov is hit by Nick Foligno and loses puck.
5:03 of 2nd period - Shot by Brooks Laich.
5:03 of 2nd period - Shot Misses the Net.
5:05 of 2nd period - Shot by Brooks Laich.
5:05 of 2nd period - Stopped by Ondrej Pavelec without a rebound.
5:06 of 2nd period - Brooks Laich wins face-off versus Brad Boyes in Blues zone.
5:15 of 2nd period - Shot by Kris Russell.
5:15 of 2nd period - Shot Blocked by Andrei Markov.
6:49 of 2nd period - Shot by Todd Bertuzzi.
6:49 of 2nd period - Shot Misses the Net.
6:55 of 2nd period - Shot by Alexander Radulov.
6:55 of 2nd period - Stopped by Henrik Lundqvist without a rebound.
6:56 of 2nd period - Mikko Koivu wins face-off versus Brad Boyes in Canucks zone.
7:16 of 2nd period - Mikko Koivu is hit by Mark Fayne and loses puck.
7:19 of 2nd period - Shot by Matt Carle.
7:19 of 2nd period - Stopped by Ondrej Pavelec with a rebound.
7:21 of 2nd period - Shot by Corey Perry.
7:21 of 2nd period - Stopped by Ondrej Pavelec without a rebound.
7:22 of 2nd period - Jussi Jokinen wins face-off versus Brandon Sutter in Blues zone.
7:53 of 2nd period - Shot by Alexander Radulov.
7:53 of 2nd period - Shot Misses the Net.
8:18 of 2nd period - Shot by Yannick Weber.
8:18 of 2nd period - Stopped by Henrik Lundqvist without a rebound.
8:19 of 2nd period - Mikko Koivu wins face-off versus Ryan Getzlaf in Canucks zone.
8:19 of 2nd period - Loui Eriksson is hit by Steve Ott and loses puck.
8:35 of 2nd period - Corey Perry is hit by Mark Fayne and loses puck.
8:51 of 2nd period - Loui Eriksson is hit by Andrei Markov and loses puck.
9:23 of 2nd period - Maxime Talbot is hit by Mark Fayne and loses puck.
9:33 of 2nd period - Shot by Erik Karlsson.
9:33 of 2nd period - Shot Misses the Net.
9:35 of 2nd period - Shot by Brooks Laich.
9:35 of 2nd period - Shot Misses the Net.
9:37 of 2nd period - Shot by Ryan OReilly.
9:37 of 2nd period - Stopped by Ondrej Pavelec without a rebound.
9:38 of 2nd period - Phil Kessel wins face-off versus Alexander Radulov in Blues zone.
9:46 of 2nd period - Phil Kessel is hit by Barret Jackman and loses puck.
9:56 of 2nd period - Valtteri Filppula is hit by Barret Jackman and loses puck.
10:10 of 2nd period - Alexander Radulov is hit by Henrik Zetterberg and loses puck.
10:14 of 2nd period - Off-side.
10:15 of 2nd period - Mikko Koivu wins face-off versus Brad Boyes in neutral zone.
10:53 of 2nd period - Icing by Christopher Higgins.
10:54 of 2nd period - Henrik Zetterberg wins face-off versus Brad Boyes in Blues zone.
11:29 of 2nd period - Icing by Alex Pietrangelo.
11:30 of 2nd period - Henrik Zetterberg wins face-off versus Ryan Getzlaf in Canucks zone.
11:30 of 2nd period - Phil Kessel is hit by Ryan Getzlaf and loses puck.
12:44 of 2nd period - Off-side.
12:45 of 2nd period - Brooks Laich wins face-off versus Jussi Jokinen in neutral zone.
13:17 of 2nd period - Shot by Brooks Laich.
13:17 of 2nd period - Shot Blocked by Mark Fayne.
13:19 of 2nd period - Shot by Maxime Talbot.
13:19 of 2nd period - Stopped by Ondrej Pavelec without a rebound.
13:20 of 2nd period - Brad Boyes wins face-off versus Mikko Koivu in Blues zone.
13:34 of 2nd period - Off-side.
13:35 of 2nd period - Brandon Sutter wins face-off versus Jerred Smithson in neutral zone.
13:43 of 2nd period - Icing by Sami Salo.
13:44 of 2nd period - Jerred Smithson wins face-off versus Corey Perry in Blues zone.
13:44 of 2nd period - Jerred Smithson is hit by Corey Perry.
14:12 of 2nd period - Shot by Corey Perry.
14:12 of 2nd period - Deflect By Mikko Koivu.
14:12 of 2nd period - Stopped by Ondrej Pavelec with a rebound.
14:39 of 2nd period - Todd Bertuzzi is hit by Radek Martinek and loses puck.
14:51 of 2nd period - Icing by Mark Streit.
14:52 of 2nd period - Henrik Zetterberg wins face-off versus Jussi Jokinen in Blues zone.
14:56 of 2nd period - Minor Penalty to Henrik Zetterberg for Roughing.
14:57 of 2nd period - Brooks Laich wins face-off versus Ryan Getzlaf in Canucks zone.
15:12 of 2nd period - Icing by Steve Ott.
15:13 of 2nd period - Brooks Laich wins face-off versus Ryan Getzlaf in Blues zone.
16:24 of 2nd period - Shot by Todd Bertuzzi.
16:24 of 2nd period - Stopped by Henrik Lundqvist without a rebound.
16:25 of 2nd period - Jussi Jokinen wins face-off versus Ryan OReilly in Canucks zone.
16:34 of 2nd period - Shot by Sami Salo.
16:34 of 2nd period - Stopped by Henrik Lundqvist with a rebound.
17:10 of 2nd period - Shot by Phil Kessel.
17:10 of 2nd period - Stopped by Ondrej Pavelec with a rebound.
17:30 of 2nd period - Shot by Phil Kessel.
17:30 of 2nd period - Shot Misses the Net.
17:32 of 2nd period - Shot by Valtteri Filppula.
17:32 of 2nd period - Shot Misses the Net.
17:40 of 2nd period - Henrik Zetterberg is hit by Christopher Higgins.
18:22 of 2nd period - Shot by Corey Perry.
18:22 of 2nd period - Shot Misses the Net.
18:29 of 2nd period - Off-side.
18:30 of 2nd period - Jussi Jokinen wins face-off versus Brooks Laich in neutral zone.
19:21 of 2nd period - Minor Penalty to Mark Streit for High sticking.
19:22 of 2nd period - Phil Kessel wins face-off versus Rick Nash in Blues zone.

3rd period


0:01 of 3rd period - Henrik Zetterberg wins face-off versus Rick Nash in neutral zone.
0:24 of 3rd period - Shot by Henrik Zetterberg.
0:24 of 3rd period - Shot Misses the Net.
0:51 of 3rd period - Brent Burns is hit by Loui Eriksson and loses puck.
1:22 of 3rd period - Shot by Maxime Talbot.
1:22 of 3rd period - Shot Misses the Net.
1:32 of 3rd period - Shot by Christopher Higgins.
1:32 of 3rd period - Shot Blocked by Marco Scandella.
1:40 of 3rd period - Shot by Yannick Weber.
1:40 of 3rd period - Shot Misses the Net.
1:42 of 3rd period - Shot by Christopher Higgins.
1:42 of 3rd period - Stopped by Henrik Lundqvist without a rebound.
1:43 of 3rd period - Jussi Jokinen wins face-off versus Ryan OReilly in Canucks zone.
1:43 of 3rd period - Sami Salo is hit by Radek Martinek and loses puck.
2:07 of 3rd period - Shot by Brooks Laich.
2:07 of 3rd period - Deflect By Ryan OReilly.
2:07 of 3rd period - Shot Blocked by Sami Salo.
2:09 of 3rd period - Shot by Brooks Laich.
2:09 of 3rd period - Shot Misses the Net.
3:23 of 3rd period - Shot by Henrik Zetterberg.
3:23 of 3rd period - Deflect By Phil Kessel.
3:23 of 3rd period - Shot Blocked by Andrei Markov.
3:25 of 3rd period - Shot by Phil Kessel.
3:25 of 3rd period - Stopped by Ondrej Pavelec without a rebound.
3:26 of 3rd period - Brandon Sutter wins face-off versus Ryan Getzlaf in Blues zone.
3:41 of 3rd period - Shot by Steve Ott.
3:41 of 3rd period - Shot Blocked by Kris Russell.
3:43 of 3rd period - Shot by Barret Jackman.
3:43 of 3rd period - Shot Blocked by Alex Pietrangelo.
3:45 of 3rd period - Shot by Barret Jackman.
3:45 of 3rd period - Stopped by Henrik Lundqvist without a rebound.
3:46 of 3rd period - Brooks Laich wins face-off versus Jerred Smithson in Canucks zone.
4:02 of 3rd period - Kent Huskins is hit by Marco Scandella and loses puck.
4:18 of 3rd period - Shot by Maxime Talbot.
4:18 of 3rd period - Shot Misses the Net.
4:21 of 3rd period - Icing by Kent Huskins.
4:22 of 3rd period - Henrik Zetterberg wins face-off versus Jerred Smithson in Blues zone.
4:57 of 3rd period - Off-side.
4:58 of 3rd period - Mikko Koivu wins face-off versus Yannick Weber in neutral zone.
5:02 of 3rd period - Minor Penalty to Mark Fayne for Interference.
5:03 of 3rd period - Rick Nash wins face-off versus Mikko Koivu in Blues zone.
5:36 of 3rd period - Shot by Alex Pietrangelo.
5:36 of 3rd period - Stopped by Ondrej Pavelec without a rebound.
5:37 of 3rd period - Henrik Zetterberg wins face-off versus Rick Nash in Blues zone.
7:00 of 3rd period - Shot by Erik Karlsson.
7:00 of 3rd period - Shot Misses the Net.
7:02 of 3rd period - Shot by Erik Karlsson.
7:02 of 3rd period - Stopped by Ondrej Pavelec without a rebound.
7:03 of 3rd period - Jussi Jokinen wins face-off versus Brooks Laich in Blues zone.
7:13 of 3rd period - Minor Penalty to Todd Bertuzzi for Roughing.
7:14 of 3rd period - Rick Nash wins face-off versus Henrik Zetterberg in Blues zone.
7:23 of 3rd period - Shot by Phil Kessel.
7:23 of 3rd period - Stopped by Ondrej Pavelec without a rebound.
7:24 of 3rd period - Mikko Koivu wins face-off versus Rick Nash in Blues zone.
8:57 of 3rd period - Loui Eriksson is hit by Brent Burns and loses puck.
9:40 of 3rd period - Shot by Ryan OReilly.
9:40 of 3rd period - Shot Misses the Net.
10:14 of 3rd period - Barret Jackman is hit by Maxime Talbot and loses puck.
10:33 of 3rd period - Shot by Rick Nash.
10:33 of 3rd period - Deflect By Brenden Morrow.
10:33 of 3rd period - Stopped by Henrik Lundqvist without a rebound.
10:34 of 3rd period - Mikko Koivu wins face-off versus Brad Boyes in Canucks zone.
10:41 of 3rd period - Shot by Corey Perry.
10:41 of 3rd period - Shot Misses the Net.
11:46 of 3rd period - Off-side.
11:47 of 3rd period - Jussi Jokinen wins face-off versus Henrik Zetterberg in neutral zone.
11:47 of 3rd period - Todd Bertuzzi is hit by Henrik Zetterberg and loses puck.
11:54 of 3rd period - Shot by Phil Kessel.
11:54 of 3rd period - Shot Misses the Net.
12:30 of 3rd period - Shot by Henrik Zetterberg.
12:30 of 3rd period - Shot Misses the Net.
12:45 of 3rd period - Off-side.
12:46 of 3rd period - Ryan Getzlaf wins face-off versus Brooks Laich in neutral zone.
12:59 of 3rd period - Shot by Steve Ott.
12:59 of 3rd period - Shot Misses the Net.
13:32 of 3rd period - Icing by Marco Scandella.
13:33 of 3rd period - Brad Boyes wins face-off versus Brooks Laich in Canucks zone.
14:11 of 3rd period - Brad Boyes is hit by Corey Perry and loses puck.
15:05 of 3rd period - Shot by Phil Kessel.
15:05 of 3rd period - Shot Misses the Net.
15:07 of 3rd period - Shot by Alex Pietrangelo.
15:07 of 3rd period - Stopped by Ondrej Pavelec without a rebound.
15:08 of 3rd period - Ryan Getzlaf wins face-off versus Brandon Sutter in Blues zone.
15:12 of 3rd period - Off-side.
15:13 of 3rd period - Ryan Getzlaf wins face-off versus Phil Kessel in neutral zone.
15:13 of 3rd period - Ryan Getzlaf is hit by Phil Kessel.
15:35 of 3rd period - Minor Penalty to Barret Jackman for Tripping.
15:36 of 3rd period - Rick Nash wins face-off versus Valtteri Filppula in Blues zone.
15:55 of 3rd period - Shot by Corey Perry.
15:55 of 3rd period - Stopped by Ondrej Pavelec without a rebound.
15:56 of 3rd period - Ryan Getzlaf wins face-off versus Henrik Zetterberg in Blues zone.
16:05 of 3rd period - Shot by Loui Eriksson.
16:05 of 3rd period - Stopped by Ondrej Pavelec without a rebound.
16:06 of 3rd period - Henrik Zetterberg wins face-off versus Rick Nash in Blues zone.
16:07 of 3rd period - Shot by Matt Carle.
16:07 of 3rd period - Shot Misses the Net.
16:17 of 3rd period - Shot by Loui Eriksson.
16:17 of 3rd period - Stopped by Ondrej Pavelec with a rebound.
16:19 of 3rd period - Shot by Phil Kessel.
16:19 of 3rd period - Shot Misses the Net.
16:31 of 3rd period - Shot by Henrik Zetterberg.
16:31 of 3rd period - Stopped by Ondrej Pavelec without a rebound.
16:32 of 3rd period - Mikko Koivu wins face-off versus Steve Ott in Blues zone.
17:01 of 3rd period - Shot by Erik Karlsson.
17:01 of 3rd period - Shot Blocked by Sami Salo.
17:03 of 3rd period - Shot by Erik Karlsson.
17:03 of 3rd period - Shot Blocked by Steve Ott.
17:19 of 3rd period - Shot by Erik Karlsson.
17:19 of 3rd period - Stopped by Ondrej Pavelec with a rebound.
17:46 of 3rd period - Barret Jackman is hit by Maxime Talbot and loses puck.
18:13 of 3rd period - Shot by Brooks Laich.
18:13 of 3rd period - Shot Blocked by Kent Huskins.
18:15 of 3rd period - Shot by Radek Martinek.
18:15 of 3rd period - Shot Misses the Net.
18:29 of 3rd period - Kent Huskins is hit by Nick Foligno and loses puck.
18:38 of 3rd period - Shot by Erik Karlsson.
18:38 of 3rd period - Goal by Erik Karlsson - Blues : 2 - Canucks : 1.
18:39 of 3rd period - Brenden Morrow wins face-off versus Mikko Koivu in neutral zone.
19:44 of 3rd period - Canucks, Henrik Lundqvist is pulled from the net.
19:46 of 3rd period - Shot by Henrik Zetterberg.
19:46 of 3rd period - Shot Misses the Net.
19:48 of 3rd period - Shot by Ryan OReilly.
19:48 of 3rd period - Stopped by Ondrej Pavelec without a rebound.
19:49 of 3rd period - Henrik Zetterberg wins face-off versus Ryan Getzlaf in Blues zone.
19:50 of 3rd period - Shot by Erik Karlsson.
19:50 of 3rd period - Stopped by Ondrej Pavelec without a rebound.
19:51 of 3rd period - Henrik Zetterberg wins face-off versus Ryan Getzlaf in Blues zone.
19:58 of 3rd period - Shot by Erik Karlsson.
19:58 of 3rd period - Shot Blocked by Barret Jackman.


Output by the SimonT Hockey Simulator (STHS) for Stephane Roy -- Original Page W3C XHTML 1.0 Valid
Hockey Simulator - Hockey Simulation - Hockey Manager